General information
- name: BNet
- type: Ladder 1vs1/FFA
- host: Battle.net
- saver: 589142761247681
map: Deadlock
- players: 4
- length: 50:40
- speed: Fast
- version: 1.26 W3XP
- replay type: Public
» download(233 KB)
Players
team 1 (loser)
589142761247681 (
red | 68 APM | 3444 actions | 50:40)
10 Mountain King
3 Storm Bolt
3 Bash
1 Avatar
3 Thunder Clap
» actions
| Assign group hotkey | 59 | |
| Basic commands | 75 | |
| Build / train | 131 | |
| ESC pressed | 1 | |
| Enter build submenu | 37 | |
| Enter hero's abilities submenu | 10 | |
| Give item / drop item | 6 | |
| Remove unit from queue | 1 | |
| Right click | 1232 | |
| Select / deselect | 775 | |
| Select group hotkey | 997 | |
| Use ability | 119 | |
3444 total
» units
| Peasant | 20 | |
| Footman | 8 | |
| Rifleman | 2 | |
| Priest | 1 | |
| Spell Breaker | 2 | |
| Dragonhawk Rider | 17 | |
| Siege Engine | 8 | |
| Knight | 9 | |
67 total
» upgrades
| Masonry | 3 | |
| Swords | 3 | |
| Plating | 3 | |
| Defend | 1 | |
| Priest Training | 1 | |
| Magic Sentry | 1 | |
| Armor | 3 | |
| Lumber Harvesting | 1 | |
| Backpack | 1 | |
| Cloud | 1 | |
| Animal War Training | 1 | |
| Long Rifles | 1 | |
| Gunpowder | 3 | |
| Barrage | 1 | |
| Flak Cannons | 1 | |
25 total
» buildings
| Altar of Kings | 1 | |
| Farm | 11 | |
| Barracks | 1 | |
| Keep | 1 | |
| Blacksmith | 1 | |
| Lumber Mill | 1 | |
| Arcane Sanctum | 1 | |
| Arcane Vault | 1 | |
| Town Hall | 4 | |
| Scout Tower | 9 | |
| Guard Tower | 4 | |
| Arcane Tower | 1 | |
| Castle | 1 | |
| Gryphon Aviary | 2 | |
| Workshop | 1 | |
40 total
» build order
00:05 Altar of Kings
00:08 Farm
00:26 Barracks
01:21 Farm
01:59 Farm
03:17 Keep
03:20 Blacksmith
03:25 Lumber Mill
05:07 Farm
05:44 Arcane Sanctum
06:29 Arcane Vault
06:39 Town Hall
06:41 Scout Tower
07:44 Farm
08:08 Guard Tower
08:48 Scout Tower
08:50 Scout Tower
09:33 Guard Tower
10:18 Arcane Tower
10:44 Castle
12:03 Gryphon Aviary
12:06 Gryphon Aviary
13:10 Farm
14:42 Town Hall
15:33 Farm
15:38 Farm
17:30 Scout Tower
17:31 Scout Tower
19:19 Guard Tower
21:41 Workshop
26:07 Scout Tower
26:08 Scout Tower
26:47 Guard Tower
26:54 Farm
26:55 Farm
27:49 Farm
31:26 Town Hall
38:28 Scout Tower
38:29 Scout Tower
44:37 Town Hall
» items
| Scroll of Regeneration | 9 | |
| Boots of Speed | 1 | |
| Potion of Healing | 3 | |
| Lesser Clarity Potion | 2 | |
| Scroll of Town Portal | 4 | |
19 total
team 2 (winner)

»
Player 2 (
blue | 67 APM | 3383 actions | 50:40)
7 Death Knight
3 Death Coil
3 Unholy Aura
1 Death Pact
6 Lich
3 Frost Nova
2 Frost Armor
1 Death and Decay
6 Dark Ranger
3 Silence
1 Life Drain
1 Black Arrow
1 Charm
» actions
| Assign group hotkey | 97 | |
| Basic commands | 90 | |
| Build / train | 138 | |
| Enter build submenu | 61 | |
| Enter hero's abilities submenu | 20 | |
| Give item / drop item | 2 | |
| Remove unit from queue | 7 | |
| Right click | 1343 | |
| Select / deselect | 571 | |
| Select group hotkey | 901 | |
| Use ability | 153 | |
3383 total
» units
| Acolyte | 33 | |
| Ghoul | 14 | |
| Crypt Fiend | 8 | |
| Razormane Medicine Man | 1 | |
| Gargoyle | 4 | |
| Obsidian Statue | 6 | |
| Abomination | 5 | |
| Necromancer | -1 | |
70 total
» upgrades
| Creature Attack | 3 | |
| Creature Carapace | 3 | |
| Web | 1 | |
| Burrow | 2 | |
| Disease Cloud | 1 | |
| Stone Form | 1 | |
| Destroyer Form | 1 | |
| Unholy Strength | 3 | |
| Unholy Armor | 3 | |
| Exhume Corpses | 1 | |
| Necromancer Training | 1 | |
20 total
» buildings
| Crypt | 4 | |
| Ziggurat | 52 | |
| Altar of Darkness | 1 | |
| Nerubian Tower | 1 | |
| Graveyard | 2 | |
| Tomb of Relics | 1 | |
| Halls of the Dead | 1 | |
| Necropolis | 4 | |
| Temple of the Damned | 3 | |
| Slaughterhouse | 4 | |
| Sacrificial Pit | 1 | |
| Spirit Tower | 8 | |
| Black Citadel | 3 | |
85 total
» build order
00:34 Crypt
00:35 Ziggurat
01:16 Altar of Darkness
01:20 Ziggurat
01:37 Nerubian Tower
02:03 Crypt
02:36 Graveyard
03:25 Tomb of Relics
03:40 Ziggurat
04:12 Halls of the Dead
07:37 Necropolis
07:40 Ziggurat
07:41 Ziggurat
07:56 Ziggurat
07:56 Ziggurat
08:46 Temple of the Damned
08:52 Slaughterhouse
10:12 Slaughterhouse
10:13 Crypt
10:15 Crypt
10:17 Temple of the Damned
10:22 Sacrificial Pit
11:58 Graveyard
12:10 Necropolis
12:23 Spirit Tower
13:22 Black Citadel
13:22 Black Citadel
13:22 Black Citadel
13:53 Ziggurat
13:54 Ziggurat
13:54 Ziggurat
13:55 Ziggurat
13:56 Ziggurat
13:56 Ziggurat
22:25 Spirit Tower
24:05 Ziggurat
24:05 Ziggurat
24:07 Ziggurat
24:09 Ziggurat
26:23 Ziggurat
26:24 Ziggurat
26:24 Ziggurat
30:07 Ziggurat
30:08 Ziggurat
30:08 Ziggurat
30:09 Ziggurat
30:09 Ziggurat
30:14 Spirit Tower
30:15 Ziggurat
30:16 Ziggurat
30:16 Ziggurat
30:17 Ziggurat
30:17 Ziggurat
33:21 Spirit Tower
33:30 Necropolis
33:31 Ziggurat
33:35 Ziggurat
33:36 Ziggurat
33:36 Ziggurat
33:37 Ziggurat
33:38 Ziggurat
35:22 Spirit Tower
37:30 Necropolis
41:40 Ziggurat
41:40 Ziggurat
41:40 Ziggurat
41:41 Ziggurat
41:42 Ziggurat
41:42 Ziggurat
42:41 Spirit Tower
43:20 Spirit Tower
43:22 Ziggurat
43:23 Ziggurat
43:24 Ziggurat
46:45 Slaughterhouse
46:46 Slaughterhouse
46:50 Temple of the Damned
47:23 Spirit Tower
47:26 Ziggurat
47:27 Ziggurat
47:28 Ziggurat
» items
| Rod of Necromancy | 1 | |
| Boots of Speed | 1 | |
| Periapt of Vitality | 1 | |
| Scroll of Town Portal | 2 | |
5 total
team 3 (loser)
Player 3 (
purple | 68 APM | 2980 actions | 43:45)
3 Archmage
2 Summon Water Elemental
1 Brilliance Aura
2 Mountain King
1 Storm Bolt
1 Bash
» actions
| Assign group hotkey | 65 | |
| Basic commands | 4 | |
| Build / train | 100 | |
| Enter build submenu | 34 | |
| Enter hero's abilities submenu | 6 | |
| Give item / drop item | 1 | |
| Remove unit from queue | 2 | |
| Right click | 1573 | |
| Select / deselect | 311 | |
| Select group hotkey | 783 | |
| Use ability | 101 | |
2980 total
» units
| Peasant | 16 | |
| Footman | 16 | |
| Priest | 3 | |
| Gryphon Rider | 17 | |
52 total
» upgrades
| Magic Sentry | 1 | |
| Defend | 1 | |
| Masonry | 1 | |
| Lumber Harvesting | 1 | |
| Storm Hammers | 1 | |
5 total
» buildings
| Altar of Kings | 2 | |
| Barracks | 1 | |
| Farm | 10 | |
| Scout Tower | 12 | |
| Arcane Tower | 1 | |
| Keep | 3 | |
| Arcane Vault | 3 | |
| Lumber Mill | 2 | |
| Guard Tower | 17 | |
| Arcane Sanctum | 1 | |
| Gryphon Aviary | 5 | |
| Castle | 2 | |
| Town Hall | 3 | |
| Blacksmith | 1 | |
63 total
» build order
00:13 Altar of Kings
00:23 Barracks
00:43 Farm
00:53 Farm
01:37 Scout Tower
02:05 Arcane Tower
02:09 Farm
02:45 Farm
02:55 Farm
03:21 Farm
04:33 Keep
04:33 Keep
05:49 Arcane Vault
06:04 Lumber Mill
06:19 Farm
06:21 Farm
06:22 Farm
06:58 Scout Tower
06:59 Scout Tower
07:25 Scout Tower
07:25 Scout Tower
07:27 Guard Tower
07:58 Guard Tower
07:59 Guard Tower
08:16 Scout Tower
08:16 Scout Tower
09:03 Guard Tower
09:38 Arcane Vault
09:57 Arcane Sanctum
10:51 Guard Tower
10:51 Guard Tower
10:54 Scout Tower
10:54 Scout Tower
11:01 Scout Tower
11:01 Scout Tower
11:14 Guard Tower
11:14 Guard Tower
11:15 Guard Tower
11:16 Guard Tower
11:38 Guard Tower
11:44 Guard Tower
11:56 Farm
12:30 Guard Tower
12:36 Guard Tower
12:44 Scout Tower
13:14 Gryphon Aviary
13:17 Guard Tower
14:45 Castle
16:36 Gryphon Aviary
21:40 Town Hall
22:44 Keep
24:32 Altar of Kings
24:38 Lumber Mill
25:29 Castle
25:42 Gryphon Aviary
25:42 Gryphon Aviary
25:43 Gryphon Aviary
29:08 Arcane Vault
31:04 Town Hall
37:00 Blacksmith
43:00 Town Hall
» items
| Potion of Mana | 1 | |
| Ivory Tower | 4 | |
| Mechanical Critter | 1 | |
| Scroll of Regeneration | 1 | |
| Potion of Healing | 2 | |
| Scroll of Town Portal | 1 | |
10 total
team 4 (loser)
Player 4 (
green | 73 APM | 3383 actions | 46:18)
9 Paladin
3 Holy Light
2 Devotion Aura
3 Divine Shield
1 Resurrection
» actions
| Assign group hotkey | 63 | |
| Basic commands | 155 | |
| Build / train | 135 | |
| ESC pressed | 6 | |
| Enter build submenu | 51 | |
| Enter hero's abilities submenu | 9 | |
| Right click | 920 | |
| Select / deselect | 703 | |
| Select group hotkey | 1191 | |
| Use ability | 150 | |
3383 total
» units
| Peasant | 19 | |
| Footman | 13 | |
| Rifleman | 17 | |
| Mortar Team | 5 | |
| Sorceress | 3 | |
| Priest | 5 | |
| Siege Engine | 3 | |
| Knight | 5 | |
| Flying Machine | 8 | |
78 total
» upgrades
| Masonry | 1 | |
| Lumber Harvesting | 1 | |
| Long Rifles | 1 | |
| Flare | 1 | |
| Defend | 1 | |
| Fragmentation Shards | 2 | |
| Barrage | 1 | |
| Flak Cannons | 1 | |
| Gunpowder | 1 | |
| Magic Sentry | 1 | |
11 total
» buildings
| Altar of Kings | 2 | |
| Farm | 14 | |
| Barracks | 1 | |
| Scout Tower | 18 | |
| Arcane Tower | 3 | |
| Blacksmith | 1 | |
| Lumber Mill | 2 | |
| Arcane Vault | 1 | |
| Guard Tower | 12 | |
| Keep | 1 | |
| Workshop | 1 | |
| Gryphon Aviary | 1 | |
| Arcane Sanctum | 1 | |
| Castle | 1 | |
| Town Hall | 4 | |
63 total
» build order
00:04 Altar of Kings
00:07 Farm
00:14 Barracks
00:53 Farm
01:34 Scout Tower
02:01 Arcane Tower
02:09 Farm
02:50 Blacksmith
03:19 Lumber Mill
03:25 Scout Tower
05:13 Arcane Vault
05:49 Farm
06:17 Lumber Mill
06:33 Farm
06:59 Scout Tower
07:26 Scout Tower
07:32 Guard Tower
08:04 Guard Tower
08:50 Keep
09:57 Scout Tower
10:08 Scout Tower
10:26 Guard Tower
10:37 Guard Tower
10:39 Scout Tower
11:13 Farm
11:19 Workshop
11:21 Arcane Tower
12:01 Farm
13:16 Gryphon Aviary
13:21 Arcane Sanctum
16:16 Farm
16:19 Farm
17:10 Farm
20:05 Castle
21:52 Town Hall
21:55 Scout Tower
21:59 Scout Tower
22:24 Guard Tower
22:26 Scout Tower
22:29 Guard Tower
22:31 Scout Tower
22:55 Guard Tower
22:59 Arcane Tower
28:42 Town Hall
29:30 Scout Tower
29:58 Guard Tower
30:00 Scout Tower
30:30 Guard Tower
30:32 Scout Tower
31:02 Guard Tower
35:08 Farm
35:52 Town Hall
38:55 Scout Tower
39:24 Guard Tower
39:26 Scout Tower
40:55 Scout Tower
41:37 Guard Tower
41:38 Scout Tower
42:42 Farm
42:56 Farm
43:28 Town Hall
45:28 Altar of Kings
45:31 Farm
» items
| Lesser Clarity Potion | 7 | |
| Mechanical Critter | 1 | |
| Scroll of Regeneration | 6 | |
| Scroll of Town Portal | 4 | |
| Orb of Fire | 1 | |
19 total
Chat log
(00:02 / All) 589142761247681: Hyrax
(00:03 / All) Player 3: lion here
(00:11 / All) Player 2: TIGER
(00:17 / All) Player 2: HYRAX LIONS AND TIGERS OH MY
(00:18 / All) 589142761247681: Turncoat is that you?
(00:19 / All) Player 3: WHAT are u green
(00:32 / All) Player 4: whitevenom
(00:37 / All) 589142761247681: Not an animal
(00:39 / All) 589142761247681: Kill yourself
(00:40 / All) Player 3: prertty obvious oru cover is blown
(00:47 / All) Player 4: Yup :
(00:48 / All) 589142761247681: What you talking about mang
(00:49 / All) Player 4: ;)
(02:35 / All) Player 3: green pally first lawl
(02:41 / All) 589142761247681: good vs ud
(03:37 / All) 589142761247681: no teaming
(07:10 / All) Player 2: Is sc2 portrats on right side of menu
(07:17 / All) Player 2: I keep clicking where the items are
(11:44 / All) Player 2: wood plz
(17:01 / All) Player 3: '/f m kill hish pally
(17:08 / All) 589142761247681: You said let's hit
(17:10 / All) 589142761247681: Not 1 of us hit
(17:19 / All) 589142761247681: What a waste of time
(17:25 / All) Player 3: just leave
(17:28 / All) Player 3: and whin about race balance
(17:45 / All) Player 3: we should have won that game on cherryville but ur stupid asS didnt do anything
(17:59 / All) 589142761247681: oh i see
(18:08 / All) Player 3: just leave man ur lucky we let u play with us
(18:10 / All) 589142761247681: lol
(19:26 / All) Player 3: im done playing with u rod because u always whine and ragequit
(19:30 / All) 589142761247681: oh i see
(19:37 / All) 589142761247681: you've said that a few times
(19:48 / All) 589142761247681: those were fighting words earlier
(19:52 / All) Player 3: u fucked up that stab on cherryvile so bad, u didnt do anythign for 50 minutes
(19:54 / All) 589142761247681: now you have no base to fight with
(22:02 / All) Player 2: Rod is strong lozl
(22:23 / All) Player 3: he is gonna lose to green because he sucks
(22:27 / All) Player 3: then whine about race imbalacne
(22:32 / All) 589142761247681: lol
(22:38 / All) Player 3: i dont even know naything about sc2 and imb etter than him
(22:42 / All) 589142761247681: i see
(22:49 / All) 589142761247681: that's because it sucks and i don't play it
(22:57 / All) Player 3: itsb ecause u suck at video games
(23:00 / All) Player 3: i make u better
(23:05 / All) 589142761247681: ah
(23:12 / All) Player 3: u guys are idiots the plan was to kill green off first
(24:09 / All) 589142761247681: that expo worth your army green?
(25:35 / All) Player 2: Expo for expo
(25:44 / All) 589142761247681: I have 0 expos it's over you won
(25:46 / All) 589142761247681: 7k gold though
(25:53 / All) Player 3: just leave rod ur a betrayer
(25:57 / All) 589142761247681: ?
(25:59 / All) 589142761247681: lol
(26:02 / All) Player 3: fuckign idiot i said to kill green
(26:18 / All) Player 3: i towered his base and sacrificed my time and u 2 did nothing
(26:21 / All) Player 4: Yay for it being a free for all :-/
(26:23 / All) 589142761247681: I know, and I noticed you were weak and I was strong so I said "I shall kill jake"
(27:30 / All) Player 3: fuck it im attackinb bob he is a dumbass
(27:44 / All) Player 3: U NEED TO DIE bob for lieing
(27:50 / All) Player 3: first u said lets attack green and u did nothing
(28:04 / All) Player 3: then u said lets attack rod and u did nothing
(28:16 / All) Player 2: I COULD NOT FIND HIM I ONLY SAW AYOU
(28:29 / All) Player 3: THIS ISN'T SUPPOSED TO BE HARD IDIOT THERE IS ONLY SO MANY PLACES HE CAN BE
(28:38 / All) Player 3: this is 3v1 and we cant kil green god u guys are idiots
(29:01 / All) Player 3: rod is gonna do nothing but just stay in base
(29:10 / All) Player 2: He just attacked me after oyu did
(29:12 / All) 589142761247681: I just killed one of his expos for a tp fool
(29:12 / All) Player 3: green is gonna win this
(29:23 / All) Player 3: GUYS I FOLLOWED THE PLAN TO KILL GREEN OFF
(29:27 / All) Player 3: BOTH OF U DID NOTHING
(29:42 / All) Player 2: I can't even scout because of oyur towers
(29:55 / All) 589142761247681: And I couldn't attack due to them then you whined when I killed 2
(30:08 / All) Player 3: it doesnt matter i towered his base because none of u came
(30:20 / All) Player 3: I HAD TO TOWER because u 2 didnt come
(30:34 / All) 589142761247681: Green looks like he's going to hit me
(30:34 / All) Player 3: lets just play 4v4 u 2 are too ignorant to play ffa
(32:02 / All) Player 3: die faggot green
(32:51 / All) Player 2: WTF FLMAE
(32:56 / All) Player 3: what
(32:56 / All) 589142761247681: I'm killing his expo
(33:05 / All) Player 2: I thought you were gonna tatck too
(33:06 / All) Player 3: his tanks are raping my griffs
(33:10 / All) Player 3: HIS TANKS WERE RAPING ME
(33:31 / All) Player 3: CHRIST UR AN IDIOT ROD
(33:37 / All) 589142761247681: Where was Turncoat
(33:40 / All) Player 3: TP FROM 2 TANKS?
(33:46 / All) Player 3: GREEN IS BEATIN US 1V3
(33:48 / All) Player 2: I was fighting his army
(33:55 / All) Player 3: I COULDNT KILL HIS TANKS
(34:01 / All) Player 3: THIS is why i said we should kill green off first
(34:05 / All) Player 3: u fucking idiots did nothing
(34:08 / All) 589142761247681: Mass knights would beat green
(34:21 / All) Player 3: how did u lose bob u had fiends
(34:28 / All) Player 2: He didn't have air
(34:45 / All) Player 3: I CANT fuckign kill him if his tanks are raping me
(35:02 / All) 589142761247681: He'
(35:06 / All) 589142761247681: He's checking expos
(35:07 / All) Player 3: this is the last ffa we play u guys are too ignorant
(35:12 / All) 589142761247681: It's our first
(35:21 / All) Player 3: the plan was to kill green first and i was the only one committed
(35:44 / All) Player 3: at least let me have it wow
(35:53 / All) Player 3: u had 2 stragglers out in no man's land
(40:44 / All) Player 4: well, it was fun to play a FFA...
(40:50 / All) 589142761247681: Yeah
(40:56 / All) Player 3: leave faggot u got raped
(41:04 / All) Player 4: Yes, rape did take a long time...
(41:17 / All) 589142761247681: It took a while but was it enjoyable?
(41:34 / All) Player 4: Nah, kind of was entertaining watching you all bicker over it though :P
(41:42 / All) Player 3: u suck leave
(42:08 / All) 589142761247681: I have 757 gold and no income, my army is my last
(42:09 / All) Player 4: Disagree, don't think icould do much better 3v1
(42:12 / All) 589142761247681: Turncoat shall win, I am certain
(43:56 / All) 589142761247681: Jake ragequitted out
(44:01 / All) Player 2: lol
(44:02 / All) 589142761247681: Let's finish green
(44:08 / All) Player 4: that does me justice a bit :D
(44:10 / All) Player 2: He kept hitting my expo too lozl
(45:47 / All) 589142761247681: He had another in the middle
(45:55 / All) Player 4: lol, gg
(45:57 / All) 589142761247681: GG
(45:59 / All) 589142761247681: WP
(46:11 / All) Player 4: tell purple to fuck himself too :D
(46:16 / All) 589142761247681: I probably will
(46:18 / All) 589142761247681: On MSN
(46:21 / All) 589142761247681: lulz
(46:33 / All) 589142761247681: I anticipate my rape soon, one final battle?
(47:11 / All) 589142761247681: I have no doubt I will lose this, should be a fun battle though
(47:45 / All) 589142761247681: Final battle there then? OK Turncoat
(49:27 / All) 589142761247681: Should I post this in highperch?
(49:35 / All) Player 2: No lozl
(49:40 / All) 589142761247681: K
(49:46 / All) Player 2: Other than I played a great diplomatic game
(50:39 / All) 589142761247681: WP